[Event "Titled Tuesday Blitz June 1 2021"]
[White "Ozen, Bahadir"]
[Black "Leisch, Lukas"]
[WhiteFideId "6337058"]
[BlackFideId "1632094"]
[WhiteElo "2503"]
[BlackElo "2210"]
[Result "1/2-1/2"]
[Round "07"]
[TimeControl "180+1"]
[Date "2021.06.01"]
[WhiteClock "0:02:24"]
[BlackClock "0:02:31"]

1. e4 e6 2. d4 d5 3. exd5 exd5 4. Nf3 Nf6 5. Bd3 c5 6. O-O c4 7. Re1+ Be7 8. Bf1 O-O 9. b3 cxb3 10. axb3 Nc6 11. Bf4 a6 12. c3 Re8 13. Bd3 Bg4 14. Nbd2 b5 15. h3 Bh5 16. Qb1 Bg6 17. Bxg6 hxg6 18. Qd3 Qb6 19. Ne5 1/2-1/2


[Site "https://www.chess.com"]

[Event "Titled Tuesday Blitz June 1 2021"]
[White "Padmini, Rout"]
[Black "Ter-Sahakyan, Samvel"]
[WhiteFideId "5029295"]
[BlackFideId "13302531"]
[WhiteElo "2196"]
[BlackElo "2551"]
[Result "0-1"]
[Round "07"]
[TimeControl "180+1"]
[Date "2021.06.01"]
[WhiteClock "0:01:14"]
[BlackClock "0:01:37"]

1. e4 c5 2. Nf3 Nc6 3. Bb5 e6 4. Bxc6 bxc6 5. O-O Qc7 6. d3 Ne7 7. Nc3 e5 8. Nh4 Ng6 9. Nf5 d5 10. Qh5 Be6 11. b3 O-O-O 12. a4 Nf4 13. Bxf4 exf4 14. Qe2 Qe5 15. Qd2 dxe4 16. Nxe4 Qxe4 17. Qa5 Qb4 0-1


[Site "https://www.chess.com"]

[Event "Titled Tuesday Blitz June 1 2021"]
[White "Pajeken, Jakob Leon"]
[Black "Nagy, Gabor"]
[WhiteFideId "12942839"]
[BlackFideId "737119"]
[WhiteElo "2404"]
[BlackElo "2789"]
[Result "0-1"]
[Round "07"]
[TimeControl "180+1"]
[Date "2021.06.01"]
[WhiteClock "0:02:06"]
[BlackClock "0:01:29"]

1. d4 Nf6 2. Nf3 d5 3. Bf4 c5 4. e3 Nc6 5. Nbd2 cxd4 6. exd4 Bf5 7. Bb5 e6 8. c4 Bd6 9. Bxd6 Qxd6 10. c5 Qc7 11. O-O O-O 12. Re1 Ne4 13. Nxe4 dxe4 14. Bxc6 Qxc6 15. Ne5 Qd5 16. Qd2 f6 17. g4 fxe5 18. gxf5 exf5 19. Rad1 Rad8 20. f3 exd4 21. fxe4 fxe4 22. Qg2 Rfe8 23. b4 d3 24. Re3 Qd4 25. Qf2 Rf8 26. Qe1 Rf3 0-1


[Site "https://www.chess.com"]

[Event "Titled Tuesday Blitz June 1 2021"]
[White "Papasimakopoulos, Alexandros"]
[Black "Berend, Elvira"]
[WhiteFideId "4244125"]
[BlackFideId "4000510"]
[WhiteElo "2352"]
[BlackElo "2340"]
[Result "0-1"]
[Round "07"]
[TimeControl "180+1"]
[Date "2021.06.01"]
[WhiteClock "0:00:24"]
[BlackClock "0:00:05"]

1. d4 Nf6 2. c4 e6 3. Nc3 Bb4 4. Qc2 d5 5. cxd5 exd5 6. Bg5 h6 7. Bh4 c5 8. dxc5 Nc6 9. e3 O-O 10. O-O-O Be6 11. Nf3 Rc8 12. a3 Bxc5 13. Kb1 Be7 14. Bb5 Na5 15. Nd4 a6 16. Be2 b5 17. Bxf6 Bxf6 18. e4 Nc4 19. exd5 Bxd5 20. Ndxb5 axb5 21. Rxd5 Qe7 22. Bxc4 Rxc4 23. Qe2 Qb7 24. Rxb5 Qc6 25. Rb6 Qxg2 26. Qxc4 Qxh1+ 27. Ka2 Qxh2 28. Ne4 Bg5 29. a4 Bd8 30. Rb8 Qxb8 31. a5 Qa8 32. b4 Bxa5 33. bxa5 Qxa5+ 34. Kb3 Rb8+ 35. Kc2 Qd8 36. Nc3 Rc8 37. Qf4 Qc7 38. Qf3 Qc5 39. Kd2 Qc4 40. Ne4 Qd4+ 41. Ke2 Re8 42. Kf1 Qxe4 43. Qxe4 Rxe4 44. f4 0-1


[Site "https://www.chess.com"]

[Event "Titled Tuesday Blitz June 1 2021"]
[White "Paravyan, David"]
[Black "Kezin, Roman"]
[WhiteFideId "4194985"]
[BlackFideId "24124621"]
[WhiteElo "2562"]
[BlackElo "2574"]
[Result "0-1"]
[Round "07"]
[TimeControl "180+1"]
[Date "2021.06.01"]
[WhiteClock "0:00:01"]
[BlackClock "0:00:04"]

1. e4 c5 2. Nc3 Nc6 3. Nf3 g6 4. d4 cxd4 5. Nxd4 Bg7 6. Be3 d6 7. Qd2 Nf6 8. f3 O-O 9. O-O-O d5 10. Nxc6 bxc6 11. Bh6 Be6 12. e5 Nd7 13. Bxg7 Kxg7 14. f4 Qa5 15. b3 Qb4 16. Kb1 a5 17. Na4 Rfb8 18. Ka1 Bg4 19. Be2 Bxe2 20. Qxe2 Qxf4 21. Rhe1 Rb4 22. c4 e6 23. g3 Qg5 24. h4 Qxg3 25. h5 Rab8 26. Rd3 Qg5 27. Rh3 dxc4 28. h6+ Kg8 29. Qd1 cxb3 30. axb3 Nxe5 31. Nc5 a4 32. Qd6 Ng4 33. Rf3 axb3 34. Rxf7 b2+ 35. Kb1 Ra8 36. Rg7+ Kh8 37. Rxh7+ Kxh7 38. Qc7+ Kxh6 39. Rh1+ Nh2 40. Rxh2+ Rh4 41. Rxh4+ Qxh4 0-1


[Site "https://www.chess.com"]

[Event "Titled Tuesday Blitz June 1 2021"]
[White "Pein, Jonathan"]
[Black "Alavi, Sayed Javad"]
[WhiteFideId "417092"]
[BlackFideId "12500607"]
[WhiteElo "2167"]
[BlackElo "2495"]
[Result "0-1"]
[Round "07"]
[TimeControl "180+1"]
[Date "2021.06.01"]
[WhiteClock "0:00:43"]
[BlackClock "0:00:09"]

1. e4 Nf6 2. e5 Nd5 3. d4 d6 4. c4 Nb6 5. f4 dxe5 6. fxe5 Bf5 7. Nc3 e6 8. Nf3 Bg4 9. Be3 Nc6 10. Be2 Bxf3 11. gxf3 Qd7 12. c5 Nd5 13. Bf2 Nf4 14. Bb5 a6 15. Qa4 Be7 16. Rd1 O-O 17. Bxc6 bxc6 18. Rg1 Rfb8 19. Qc2 Kh8 20. Rg4 Nh5 21. Bh4 Qd8 22. Qf2 Bxh4 23. Rxh4 Rxb2 24. Ne2 g6 25. Rg4 Rab8 26. Qe3 Rxa2 27. Nf4 Nxf4 28. Qxf4 Kg7 29. Rh4 h5 30. Rh3 Rbb2 31. Rg3 Rxh2 32. Kf1 Qh4 33. Qxh4 Rxh4 34. Rg2 Rxg2 35. Kxg2 g5 36. Kg3 Kg6 37. Rd3 Rf4 38. Ra3 Rxd4 39. Rxa6 Rd5 40. Rxc6 Rxe5 41. Rxc7 f6 42. c6 Rc5 43. Rc8 Kf5 44. c7 Rc3 45. Kf2 h4 46. Ke2 Rc2+ 47. Kd3 Rc6 48. Ke3 Rc3+ 49. Kd4 Rc1 50. Ke3 h3 51. Rh8 Rc3+ 52. Kd4 Rxc7 53. Rxh3 Rd7+ 54. Ke3 Ra7 55. Rh6 Ra3+ 56. Kf2 Ra4 57. Kg3 Rh4 58. Rxh4 gxh4+ 59. Kxh4 Kf4 60. Kh3 Kxf3 61. Kh2 e5 62. Kg1 e4 63. Kf1 e3 64. Ke1 0-1


[Site "https://www.chess.com"]

[Event "Titled Tuesday Blitz June 1 2021"]
[White "Peralta, Eduardo"]
[Black "Jarovinsky, Alexey"]
[WhiteFideId "3700062"]
[BlackFideId "14115131"]
[WhiteElo "2205"]
[BlackElo "2446"]
[Result "1-0"]
[Round "07"]
[TimeControl "180+1"]
[Date "2021.06.01"]
[WhiteClock "0:00:05"]
[BlackClock "0:00:01"]

1. d4 e6 2. c4 Bb4+ 3. Nc3 Nf6 4. e3 O-O 5. Bd3 d5 6. Nf3 b6 7. O-O Ba6 8. cxd5 Bxd3 9. Qxd3 exd5 10. a3 Bd6 11. Ne5 c5 12. f4 Nbd7 13. Bd2 Re8 14. Be1 Rc8 15. Bh4 Be7 16. Rad1 Qc7 17. h3 Qb7 18. Nxd7 Qxd7 19. dxc5 Bxc5 20. Rfe1 Rc6 21. Bxf6 Rxf6 22. b4 Bf8 23. Nxd5 Rd6 24. e4 Qc8 25. g4 Rc6 26. Rd2 Rc4 27. Kg2 Qc6 28. Ree2 a5 29. Rb2 axb4 30. axb4 b5 31. Rec2 h6 32. Rxc4 bxc4 33. Qd4 Rc8 34. b5 Qb7 35. b6 Bc5 36. Qxc4 Ba3 37. Qb3 Bxb2 38. Qxb2 Kh8 39. f5 f6 40. Qb4 Re8 41. Kg3 Qb8+ 42. Nc7 Rc8 43. Qc5 Qb7 44. h4 Rb8 45. Nd5 Rc8 46. Qd4 Qc6 47. g5 Qc2 48. gxf6 Qc1 49. fxg7+ Kg8 50. Ne7+ Kf7 51. Nxc8 Qe1+ 52. Kf3 Qf1+ 53. Ke3 Qe1+ 54. Kd3 Qd1+ 55. Kc4 Qa4+ 56. Kc5 Qa5+ 57. Kc6 Qa8+ 58. Kc7 Qa5 59. Qd5+ Kf6 60. Qxa5 Kxg7 61. b7 1-0


[Site "https://www.chess.com"]

[Event "Titled Tuesday Blitz June 1 2021"]
[White "Perunovic, Milos"]
[Black "Vlassov, Nikolai"]
[WhiteFideId "921629"]
[BlackFideId "4103360"]
[WhiteElo "2787"]
[BlackElo "2596"]
[Result "1-0"]
[Round "07"]
[TimeControl "180+1"]
[Date "2021.06.01"]
[WhiteClock "0:00:14"]
[BlackClock "0:00:03"]

1. e4 Nc6 2. d4 d5 3. exd5 Qxd5 4. Nf3 Bg4 5. Be2 O-O-O 6. c4 Qh5 7. Be3 Nh6 8. Nbd2 Nf5 9. d5 Nxe3 10. fxe3 Ne5 11. Nxe5 Bxe2 12. Qxe2 Qxe5 13. O-O e6 14. Nf3 Qh5 15. e4 exd5 16. cxd5 Bc5+ 17. Kh1 Rhe8 18. Rac1 Bb6 19. Qc4 Qg4 20. Nd2 Rd7 21. Rf3 Kb8 22. b4 c6 23. Qb3 cxd5 24. exd5 Re2 25. Rg3 Qd4 26. Nf3 Qxd5 27. Rxg7 Qxb3 28. axb3 Rb2 29. h4 Rxb3 30. Ne5 Rd8 31. Nxf7 Rf8 32. Rxh7 Rxb4 33. g3 Rb2 34. h5 a5 35. h6 a4 36. Rg7 a3 37. h7 Ka7 38. Rg8 Rxf7 39. h8=Q Ka6 40. Ra8+ Ba7 41. Rxa7+ Kxa7 42. Qd4+ b6 43. Qa4+ Kb7 44. Qxa3 Rh7+ 45. Kg1 Rhh2 46. Qf3+ Ka6 47. g4 1-0


[Site "https://www.chess.com"]

[Event "Titled Tuesday Blitz June 1 2021"]
[White "Petukhov, Dmitry"]
[Black "Moroni, Luca Jr"]
[WhiteFideId "4142748"]
[BlackFideId "865834"]
[WhiteElo "2356"]
[BlackElo "2491"]
[Result "0-1"]
[Round "07"]
[TimeControl "180+1"]
[Date "2021.06.01"]
[WhiteClock "0:01:49"]
[BlackClock "0:01:40"]

1. e4 e5 2. Nf3 Nc6 3. Bb5 a6 4. Ba4 Nf6 5. O-O b5 6. Bb3 Bc5 7. c3 d6 8. d4 Bb6 9. h3 O-O 10. dxe5 Nxe5 11. Nxe5 dxe5 12. Qxd8 Rxd8 13. Bg5 Bb7 14. Re1 Nxe4 15. Bxd8 Bxf2+ 16. Kf1 Bxe1 17. Bxc7 Bg3 18. a4 Rc8 19. Bb6 b4 20. Ba5 bxc3 21. Nxc3 Nd2+ 0-1


[Site "https://www.chess.com"]

[Event "Titled Tuesday Blitz June 1 2021"]
[White "Plotnikov, Pavel"]
[Black "Csonka, Balazs"]
[WhiteFideId "4170342"]
[BlackFideId "742910"]
[WhiteElo "2298"]
[BlackElo "2404"]
[Result "0-1"]
[Round "07"]
[TimeControl "180+1"]
[Date "2021.06.01"]
[WhiteClock "0:00:14"]
[BlackClock "0:00:27"]

1. e4 c5 2. Nf3 Nc6 3. d4 cxd4 4. Nxd4 Qb6 5. Nxc6 bxc6 6. Bd3 g6 7. O-O Bg7 8. Nd2 Ba6 9. Qe2 Bxd3 10. Qxd3 Nf6 11. Nc4 Qb7 12. Bg5 O-O 13. Rad1 d5 14. exd5 cxd5 15. Ne3 e6 16. b3 Ne4 17. Bh4 Nc3 18. Rd2 Nxa2 19. Ng4 Nb4 20. Qh3 f5 21. Ne3 Rac8 22. c4 d4 23. Nd1 e5 24. Nb2 e4 25. Bg3 Rfe8 26. Na4 Nd3 27. Rb1 Rxc4 28. Ra2 Qxb3 29. Raa1 Rxa4 30. Bd6 Qb2 31. Rf1 Rxa1 32. g3 Qxf2+ 33. Kh1 Rxf1+ 34. Qxf1 Qxf1# 0-1


[Site "https://www.chess.com"]

[Event "Titled Tuesday Blitz June 1 2021"]
[White "Popilski, Gil"]
[Black "Molina, Roberto Junio Brito"]
[WhiteFideId "2809060"]
[BlackFideId "2109450"]
[WhiteElo "2537"]
[BlackElo "2402"]
[Result "0-1"]
[Round "07"]
[TimeControl "180+1"]
[Date "2021.06.01"]
[WhiteClock "0:00:12"]
[BlackClock "0:01:31"]

1. e4 c6 2. Nc3 d5 3. Nf3 dxe4 4. Nxe4 Bg4 5. h3 Bxf3 6. Qxf3 Nd7 7. g3 Ngf6 8. Nc3 e6 9. Bg2 Be7 10. O-O O-O 11. d4 Rc8 12. b3 Nd5 13. Ne2 Nb4 14. c3 Nd5 15. c4 N5f6 16. Bb2 a5 17. Rad1 b5 18. Nf4 bxc4 19. bxc4 Qb6 20. Ba1 Qa6 21. Rc1 Rfd8 22. Rfe1 Bd6 23. Bf1 Qa7 24. Nd3 Re8 25. h4 Qa8 26. g4 c5 27. Qxa8 Rxa8 28. g5 Nh5 29. Bg2 Rac8 30. d5 e5 31. Bh3 Rcd8 32. Bxd7 Rxd7 33. Bxe5 Bf8 34. Bc3 Ra8 35. Rb1 a4 36. Rb5 Rc7 37. Be5 Rcc8 38. Reb1 f6 39. gxf6 gxf6 40. Bg3 Ng7 41. Rb7 Nf5 42. Kh2 Bd6 43. Bxd6 Nxd6 44. Rd7 Rd8 45. Rg1+ Kh8 46. Rxd8+ Rxd8 47. Nxc5 Nxc4 48. Ne4 Rxd5 49. Nxf6 Rd8 50. h5 Ne5 51. h6 Nf3+ 52. Kg2 Nxg1 53. Kxg1 Rd2 0-1


[Site "https://www.chess.com"]

[Event "Titled Tuesday Blitz June 1 2021"]
[White "Prydun, Andriy"]
[Black "Ezat, Mohamed"]
[WhiteFideId "14145898"]
[BlackFideId "10600906"]
[WhiteElo "2033"]
[BlackElo "2417"]
[Result "1-0"]
[Round "07"]
[TimeControl "180+1"]
[Date "2021.06.01"]
[WhiteClock "0:00:17"]
[BlackClock "0:00:07"]

1. d4 Nf6 2. Nf3 g6 3. Bg5 Ne4 4. Bf4 Bg7 5. Nbd2 Nxd2 6. Qxd2 d5 7. Bh6 Bf6 8. c3 Bg4 9. Ne5 Bxe5 10. dxe5 Nd7 11. Qxd5 c6 12. Qd4 Be6 13. e3 Qa5 14. Bf4 h6 15. Bc4 Nf8 16. Bxe6 Nxe6 17. Qc4 O-O-O 18. O-O g5 19. Bg3 h5 20. f4 h4 21. Bf2 h3 22. f5 hxg2 23. Rfd1 Qxe5 24. Bg3 Qxe3+ 25. Kxg2 Rxd1 26. Rxd1 Nf4+ 27. Bxf4 gxf4 28. Rf1 1-0


[Site "https://www.chess.com"]

[Event "Titled Tuesday Blitz June 1 2021"]
[White "Przybylski, Wojciech"]
[Black "Kekic, Armin"]
[WhiteFideId "1117599"]
[BlackFideId "14401274"]
[WhiteElo "2317"]
[BlackElo "2389"]
[Result "1-0"]
[Round "07"]
[TimeControl "180+1"]
[Date "2021.06.01"]
[WhiteClock "0:00:09"]
[BlackClock "0:00:01"]

1. d4 d6 2. e4 e5 3. Nf3 Nc6 4. Bc4 Be7 5. dxe5 Nxe5 6. Nxe5 dxe5 7. Qe2 Nf6 8. O-O c6 9. c3 O-O 10. h3 Qc7 11. Nd2 b5 12. Bb3 a5 13. Nf3 a4 14. Bc2 h6 15. Rd1 Be6 16. Be3 Rfd8 17. Nd2 Rd7 18. b3 axb3 19. axb3 Rdd8 20. b4 Nd7 21. Nb3 Nb6 22. Nc5 Bxc5 23. Bxc5 Na4 24. Qe3 Rxd1+ 25. Rxd1 Rd8 26. Rxd8+ Qxd8 27. Ba7 Qg5 28. Qe1 Bxh3 29. g3 Bg4 30. Bd3 Bf3 31. Bf1 Qg4 32. Bg2 Nb2 33. Qe3 Bxg2 34. Kxg2 Nc4 35. Qd3 h5 36. f3 Qe6 37. Bf2 Kh7 38. Bc5 g6 39. Qd8 h4 40. Be7 1-0


[Site "https://www.chess.com"]

[Event "Titled Tuesday Blitz June 1 2021"]
[White "Quintiliano Pinto, Renato R."]
[Black "Fayzullaev, Akmal"]
[WhiteFideId "2117568"]
[BlackFideId "14200554"]
[WhiteElo "2725"]
[BlackElo "2536"]
[Result "1-0"]
[Round "07"]
[TimeControl "180+1"]
[Date "2021.06.01"]
[WhiteClock "0:00:14"]
[BlackClock "0:01:23"]

1. Nf3 Nf6 2. c4 g6 3. Nc3 Bg7 4. d4 d6 5. Bg5 O-O 6. e3 c5 7. d5 e6 8. Nd2 exd5 9. cxd5 a6 10. a4 Re8 11. Be2 Nbd7 12. O-O Qc7 13. h3 b6 14. Rc1 Bb7 15. e4 Rac8 16. Bf4 Ne5 17. b3 Rcd8 18. Bh2 Bc8 19. f4 Ned7 20. Kh1 Re7 21. Bf3 Rde8 22. Nc4 Nxe4 23. Nxe4 Rxe4 24. Bxe4 Rxe4 25. f5 Ne5 26. f6 Nxc4 27. Rxc4 Rxc4 28. bxc4 Bh8 29. Qe2 Kf8 30. Qe3 Qd8 31. Qf4 Bf5 32. Qxd6+ Qxd6 33. Bxd6+ Ke8 34. Be5 Bd3 35. Rc1 Kd7 36. Kg1 h5 37. g4 hxg4 38. hxg4 g5 39. Kf2 Be4 40. Ke3 Bg6 41. Rh1 Bxf6 42. Bxf6 1-0


[Site "https://www.chess.com"]

[Event "Titled Tuesday Blitz June 1 2021"]
[White "Quintin Navarro, Alberto"]
[Black "Stelmaszyk, Nico"]
[WhiteFideId "2292688"]
[BlackFideId "16200462"]
[WhiteElo "2289"]
[BlackElo "2119"]
[Result "1-0"]
[Round "07"]
[TimeControl "180+1"]
[Date "2021.06.01"]
[WhiteClock "0:00:51"]
[BlackClock "0:00:02"]

1. c4 c5 2. g3 g6 3. Bg2 Bg7 4. d3 d6 5. Nc3 Nc6 6. Nf3 Nf6 7. O-O O-O 8. Bf4 Bf5 9. Rb1 Rb8 10. a3 a6 11. b4 cxb4 12. axb4 b5 13. c5 e5 14. Bg5 h6 15. Bxf6 Qxf6 16. Nd5 Qe6 17. Nd2 dxc5 18. bxc5 Bh3 19. Nc7 Qc8 20. Bxh3 Qxc7 21. Bg2 a5 22. Ne4 b4 23. e3 Rfd8 24. Qb3 Bf8 25. Rfc1 Kg7 26. g4 Qd7 27. h3 Be7 28. Nd6 Rf8 29. Qa4 Rbc8 30. Nxc8 Rxc8 31. d4 exd4 32. exd4 Qxd4 33. Bxc6 Bxc5 34. Rf1 h5 35. Bf3 hxg4 36. Bxg4 Qf4 37. Qb3 Rh8 38. Qf3 Qg5 39. Rbc1 Bd6 40. Rcd1 Be5 41. Rd7 Bf6 42. Qd5 Rf8 43. Qxg5 Bxg5 44. Ra7 b3 45. Rxa5 b2 46. Rxg5 Ra8 47. Rb5 1-0


[Site "https://www.chess.com"]

[Event "Titled Tuesday Blitz June 1 2021"]
[White "Quparadze, Giga"]
[Black "Krivonosov, Oleg"]
[WhiteFideId "13602250"]
[BlackFideId "11600349"]
[WhiteElo "2658"]
[BlackElo "2469"]
[Result "1-0"]
[Round "07"]
[TimeControl "180+1"]
[Date "2021.06.01"]
[WhiteClock "0:01:42"]
[BlackClock "0:00:13"]

1. e4 e5 2. Nf3 Nc6 3. Bb5 Nf6 4. Qe2 Bd6 5. c3 O-O 6. O-O Re8 7. Bc4 h6 8. d3 Bf8 9. b4 d6 10. a4 Be6 11. Nbd2 Bxc4 12. Nxc4 d5 13. exd5 Qxd5 14. Ne3 Qd7 15. b5 Na5 16. Qc2 Rad8 17. Rd1 b6 18. d4 exd4 19. Nxd4 Qc8 20. Bb2 c5 21. Ndf5 c4 22. Nd4 Bc5 23. Nef5 Rd5 24. Ba3 Bxd4 25. Nxd4 Qd7 26. Bb4 Rd8 27. Bxa5 bxa5 28. Re1 Qg4 29. h3 Qf4 30. Qe2 Rg5 31. Qf3 Qxf3 32. Nxf3 Rc5 33. Nd4 Nd5 34. Nc6 Rd7 35. Rad1 a6 36. Rxd5 Rcxd5 37. bxa6 Rc7 38. a7 1-0


[Site "https://www.chess.com"]

[Event "Titled Tuesday Blitz June 1 2021"]
[White "Rakotomaharo, Fy Antenaina"]
[Black "Viswanadha, Kesav"]
[WhiteFideId "13100050"]
[BlackFideId "2059533"]
[WhiteElo "2378"]
[BlackElo "2191"]
[Result "1-0"]
[Round "07"]
[TimeControl "180+1"]
[Date "2021.06.01"]
[WhiteClock "0:00:19"]
[BlackClock "0:00:15"]

1. e4 e5 2. Nf3 Nc6 3. Bb5 a6 4. Ba4 Nf6 5. O-O Be7 6. Re1 b5 7. Bb3 O-O 8. a4 d5 9. axb5 dxe4 10. bxc6 exf3 11. Qxf3 e4 12. Qe2 Bd6 13. h3 Qe8 14. Ra5 Qxc6 15. Nc3 Bb7 16. Nd5 Nxd5 17. Bxd5 Qb6 18. Bxb7 Qxb7 19. Qxe4 Qb6 20. Rd5 Qc6 21. Rh5 Qxe4 22. Rxe4 Rfe8 23. Rxe8+ Rxe8 24. Kf1 c5 25. Rd5 Bf8 26. d3 Rb8 27. b3 g6 28. Be3 Rb5 29. Rd8 Kg7 30. Ra8 Ra5 31. Ke2 Ra2 32. Kd1 Be7 33. Ra7 Bf6 34. Bxc5 Bc3 35. d4 Ra1+ 36. Ke2 Re1+ 37. Kd3 Bb2 38. Rxa6 Rd1+ 39. Kc4 Rc1 40. d5 Rxc2+ 41. Kb5 Rd2 42. Kc6 Rd3 43. b4 Bf6 44. b5 1-0


[Site "https://www.chess.com"]

[Event "Titled Tuesday Blitz June 1 2021"]
[White "Romanchuk, Viktor"]
[Black "Hess, Robert"]
[WhiteFideId "14109271"]
[BlackFideId "2022036"]
[WhiteElo "2559"]
[BlackElo "2736"]
[Result "0-1"]
[Round "07"]
[TimeControl "180+1"]
[Date "2021.06.01"]
[WhiteClock "0:00:01"]
[BlackClock "0:00:05"]

1. d4 g6 2. c4 Bg7 3. Nf3 c5 4. g3 cxd4 5. Nxd4 Nc6 6. Nb3 Nf6 7. Bg2 O-O 8. O-O d6 9. Nc3 Bg4 10. c5 dxc5 11. Nxc5 Qc8 12. Qb3 b6 13. Nd3 Nd4 14. Qd1 Rd8 15. Bxa8 Qxa8 16. f3 Bh3 17. Re1 b5 18. Bf4 b4 19. Na4 Nh5 20. Be3 e5 21. Nac5 Bf8 22. Qa4 Nxe2+ 23. Rxe2 Qxf3 24. Rae1 Nxg3 25. hxg3 Qxg3+ 26. Kh1 Bg4 27. Qc2 e4 28. Rg2 Bf3 29. Qf2 Qh3+ 30. Kg1 exd3 31. Rh2 Qg4+ 32. Kf1 Bxc5 33. Bxc5 d2 0-1


[Site "https://www.chess.com"]

[Event "Titled Tuesday Blitz June 1 2021"]
[White "Rozhkov, Viacheslav"]
[Black "Rychagov, Andrey"]
[WhiteFideId "4181484"]
[BlackFideId "4119932"]
[WhiteElo "2324"]
[BlackElo "2527"]
[Result "0-1"]
[Round "07"]
[TimeControl "180+1"]
[Date "2021.06.01"]
[WhiteClock "0:00:02"]
[BlackClock "0:00:22"]

1. e4 c5 2. Nf3 e6 3. d4 cxd4 4. Nxd4 a6 5. Nc3 b5 6. g3 Bb7 7. Bg2 Qc7 8. O-O d6 9. a4 b4 10. Na2 Nf6 11. Re1 a5 12. Nb5 Qd7 13. e5 Bxg2 14. exf6 Bb7 15. fxg7 Bxg7 16. Qxd6 Na6 17. Bg5 Bd5 18. Qf4 O-O 19. Bf6 Bxf6 20. Qxf6 Qd8 21. Qh6 f6 22. Rad1 Qb6 23. Nc1 Rf7 24. Nd3 Bb7 25. Nf4 Qc6 26. Kf1 Qh1+ 27. Ke2 Qf3+ 28. Kf1 Rc8 29. Nd6 Rxc2 30. Ne4 Qh1# 0-1


[Site "https://www.chess.com"]

[Event "Titled Tuesday Blitz June 1 2021"]
[White "Sadovsky, Artem"]
[Black "Sawlin, Leonid"]
[WhiteFideId "4155840"]
[BlackFideId "4689542"]
[WhiteElo "2476"]
[BlackElo "2412"]
[Result "1/2-1/2"]
[Round "07"]
[TimeControl "180+1"]
[Date "2021.06.01"]
[WhiteClock "0:00:03"]
[BlackClock "0:00:58"]

1. Nf3 d5 2. e3 Nd7 3. c4 c6 4. b3 e5 5. Bb2 e4 6. Nd4 Ngf6 7. cxd5 cxd5 8. Nc3 Nc5 9. d3 Bd6 10. dxe4 Ncxe4 11. Bb5+ Bd7 12. Bxd7+ Qxd7 13. Nxe4 dxe4 14. O-O O-O 15. Nb5 Bxh2+ 16. Kxh2 Qxb5 17. Bxf6 gxf6 18. Qg4+ Qg5 19. Qxe4 Qe5+ 20. Qxe5 fxe5 21. Rfd1 Rad8 22. Rac1 Rxd1 23. Rxd1 f6 24. Kg3 Rf7 25. Kf3 f5 26. Rd5 Re7 27. g4 fxg4+ 28. Kxg4 Kg7 29. Kf5 Rf7+ 30. Kxe5 Rxf2 31. Rd7+ Kg6 32. a4 h5 33. Rxb7 h4 34. Rxa7 h3 35. Rc7 Rb2 36. Kf4 Rxb3 37. Rc6+ Kf7 38. a5 h2 39. Rh6 Ra3 40. a6 Rxa6 41. Rxh2 Ra5 42. Rh7+ Kf6 43. Rb7 Ke6 44. Rb6+ Ke7 45. e4 Kf7 46. Rc6 Ke7 47. Rg6 Kf7 48. Rg1 Kf6 49. Rc1 Ke6 50. Rd1 Ke7 51. Rb1 Ke6 52. Rb6+ Ke7 53. Rb7+ Ke6 54. Rh7 Kf6 55. Rh6+ Kf7 56. Rd6 Ke7 57. Rd4 Ke6 58. Rb4 Kf6 59. Rb6+ Ke7 60. e5 Ra1 61. Rb7+ Ke6 62. Rb6+ Ke7 63. Ke4 Re1+ 64. Kd5 Rd1+ 65. Ke4 Re1+ 66. Kd5 Rd1+ 67. Kc6 Ke6 68. Kc7+ Kxe5 69. Rc6 Ra1 70. Rb6 Rc1+ 71. Rc6 Rb1 72. Rb6 Ra1 73. Rc6 Kd5 74. Rd6+ Kc5 75. Rc6+ Kd5 76. Rd6+ Ke5 77. Rc6 Rh1 78. Kb7 Rh7+ 79. Rc7 Rxc7+ 80. Kxc7 1/2-1/2


[Site "https://www.chess.com"]

[Event "Titled Tuesday Blitz June 1 2021"]
[White "Samsonkin, Artiom"]
[Black "Maksimenko, Viktor"]
[WhiteFideId "13503111"]
[BlackFideId "13710478"]
[WhiteElo "2745"]
[BlackElo "2570"]
[Result "0-1"]
[Round "07"]
[TimeControl "180+1"]
[Date "2021.06.01"]
[WhiteClock "0:00:17"]
[BlackClock "0:00:22"]

1. e4 e5 2. Nf3 Nc6 3. d4 exd4 4. Bc4 Nf6 5. e5 d5 6. Bb5 Ne4 7. Nxd4 Bc5 8. Be3 O-O 9. Nxc6 bxc6 10. Bxc5 Nxc5 11. Bxc6 Rb8 12. Qxd5 Qe7 13. O-O Rxb2 14. Nc3 Rd8 15. Qf3 Qxe5 16. Rfe1 Qf6 17. Qe3 Qxc6 18. Nd5 Kh8 19. Qe5 Rb8 20. Ne7 Qd6 21. Qh5 Be6 22. Nf5 Bxf5 23. Qxf5 Kg8 24. h3 Ne6 25. Qa5 Qb6 26. Qe5 h6 27. Re3 Qd4 28. Rae1 Qxe5 29. Rxe5 Rd2 30. Ra5 Rxc2 31. Rxa7 Rbb2 32. Rf1 Rxa2 33. Rb7 Rcb2 0-1


[Site "https://www.chess.com"]

[Event "Titled Tuesday Blitz June 1 2021"]
[White "Samunenkov, Ihor"]
[Black "Seletsky, Grigory"]
[WhiteFideId "14187086"]
[BlackFideId "14112191"]
[WhiteElo "2242"]
[BlackElo "2492"]
[Result "0-1"]
[Round "07"]
[TimeControl "180+1"]
[Date "2021.06.01"]
[WhiteClock "0:00:04"]
[BlackClock "0:00:58"]

1. d4 d5 2. Nf3 Bf5 3. g3 e6 4. c4 c6 5. Nc3 h6 6. Bg2 Nf6 7. O-O Nbd7 8. Nd2 Be7 9. e4 dxe4 10. Ndxe4 Nxe4 11. Nxe4 Nf6 12. Nc3 O-O 13. h3 Qc7 14. Qe2 Rfe8 15. Be3 Rad8 16. Rad1 Qa5 17. a3 Bf8 18. f4 c5 19. Kh1 cxd4 20. Bxd4 b6 21. g4 Bh7 22. g5 hxg5 23. fxg5 Qxg5 24. Bxf6 gxf6 25. Rxd8 Rxd8 26. Ne4 Bxe4 27. Bxe4 Bg7 28. Rg1 Rd2 29. Qf3 Qe5 30. Rg2 Qxb2 31. Qf4 Rxg2 32. Qb8+ Bf8 33. Bxg2 Qxa3 34. c5 Qxc5 35. h4 Qe5 36. Qxa7 Qf4 37. Qxb6 Qxh4+ 38. Kg1 f5 39. Qb3 Be7 40. Qb8+ Kg7 41. Qe5+ Bf6 42. Qe2 Bd4+ 43. Kf1 Qf4+ 44. Ke1 Qe3 45. Qxe3 Bxe3 46. Ke2 Bc5 47. Kf3 Kf6 48. Bf1 e5 49. Bc4 e4+ 50. Kf4 Bd6+ 51. Ke3 Be5 52. Bb3 Bb2 53. Bc4 Kg6 54. Bd5 Bc1+ 55. Ke2 f6 56. Bc4 f4 57. Bd5 f5 58. Be6 f3+ 59. Kf2 Bf4 60. Bd5 Kg5 61. Bc4 Bd6 62. Bd5 Kf4 63. Kf1 Bc5 64. Bc6 e3 65. Bb5 e2+ 66. Ke1 Bb4+ 0-1


[Site "https://www.chess.com"]

[Event "Titled Tuesday Blitz June 1 2021"]
[White "Sarana, Alexey"]
[Black "Annaberdiyev, Babageldi"]
[WhiteFideId "24133795"]
[BlackFideId "14000385"]
[WhiteElo "2629"]
[BlackElo "2332"]
[Result "1-0"]
[Round "07"]
[TimeControl "180+1"]
[Date "2021.06.01"]
[WhiteClock "0:00:08"]
[BlackClock "0:00:19"]

1. e4 e6 2. d4 d5 3. Nc3 Nf6 4. e5 Nfd7 5. f4 c5 6. Nf3 Nc6 7. Be3 a6 8. Qd2 b5 9. Be2 Bb7 10. a3 cxd4 11. Nxd4 Nxd4 12. Bxd4 Bc5 13. Bxc5 Nxc5 14. Qd4 Rc8 15. O-O O-O 16. Bd3 Ne4 17. Bxe4 dxe4 18. Rfd1 Qc7 19. Qe3 h6 20. Rd6 Rfd8 21. Rad1 Rxd6 22. exd6 Qc6 23. Rd4 f5 24. Qd2 Rd8 25. Nd1 Rd7 26. Ne3 Qb6 27. Kf1 a5 28. c3 Kh7 29. g3 g6 30. Qd1 h5 31. Qd2 a4 32. Kg2 Qc5 33. Kh3 Kg7 34. Kg2 Kf7 35. Kf1 Kg7 36. Ke1 Kf7 37. Kd1 Kg7 38. Kc1 Kf7 39. Kb1 Kg7 40. Ka1 Kf7 41. c4 Ba6 42. h3 bxc4 43. g4 c3 44. Qxc3 Qxc3 45. bxc3 hxg4 46. hxg4 Bd3 47. gxf5 exf5 48. c4 Ke6 49. c5 Bb5 50. Kb2 Bc6 51. Kc3 g5 52. fxg5 f4 53. Ng4 Kf5 54. Nf6 f3 55. Nxd7 f2 56. Rd1 Bxd7 57. g6 e3 58. Kd3 Kf4 59. g7 Bf5+ 60. Kc4 e2 61. Rd4+ Ke5 62. g8=Q Be6+ 63. Rd5+ Kf6 64. Qf8+ Bf7 65. Qe7+ Kg7 66. Qxe2 1-0


[Site "https://www.chess.com"]